 Dungeon Crawl Stone Soup version 0.24.0-13-gcf9b3192b9 (webtiles) character file.

Game seed: 13203947746024902333, levelgen mode: deterministic

128 FishyPogo the Changer (level 5, 0/37 HPs)
             Began as a Merfolk Transmuter on Nov 9, 2019.
             Slain by an adder (4 damage)
             ... on level 3 of the Dungeon.
             The game lasted 00:08:43 (2637 turns).

FishyPogo the Changer (Merfolk Transmuter)          Turns: 2637, Time: 00:08:43

Health: 0/37       AC:  5    Str: 10    XL:     5   Next: 12%
Magic:  6/8        EV: 13    Int: 14    God:
Gold:   95         SH:  0    Dex: 14    Spells: 4/8 levels left

rFire    . . .     SeeInvis .   l - +0 spear
rCold    . . .     Gourm    .   (no shield)
rNeg     . . .     Faith    .   b - +0 robe
rPois    .         Spirit   .   k - +2 hat
rElec    .         Reflect  .   i - +0 cloak
rCorr    .         Harm     .   (no gloves)
MR       .....                  (no boots)
Stlth    +.........             (no amulet)
HPRegen  0.12/turn              (no ring)
MPRegen  0.11/turn              (no ring)

@: lethally poisoned (0 -> -10), appendage
A: change form in water, swift swim, stealthy swim, horns 2
a: End Transformation


You were on level 3 of the Dungeon.
You were near starving.
You had grown temporary horns.
You visited 1 branch of the dungeon, and saw 3 of its levels.

You collected 95 gold pieces.

Inventory:

Hand Weapons
 f - a +0 halberd
 l - a +0 spear (weapon)
Missiles
 a - 57 arrows
 c - 117 stones (quivered)
Armour
 b - a +0 robe (worn)
 i - a +0 cloak (worn)
 k - a +2 hat (worn)
Jewellery
 j - an uncursed amulet of rage {unknown}
 n - an uncursed ring of protection from magic {unknown}
Scrolls
 g - 4 scrolls of identify {unknown}
 h - a scroll of magic mapping {unknown}
 m - a scroll of enchant weapon {unknown}
Potions
 e - 2 potions of curing
 o - a potion of flight {unknown}
Comestibles
 d - 3 rations


   Skills:
 - Level 1.1 Fighting
 - Level 2.0 Polearms
 - Level 2.6 Dodging
 - Level 3.2 Unarmed Combat
 + Level 2.0 Spellcasting
 * Level 5.6 Transmutations
 * Level 2.2 Poison Magic


You had 4 spell levels left.
You knew the following spells:

 Your Spells              Type           Power        Failure   Level  Hunger
u - Spider Form           Tmut/Pois      ##........   14%         3    ####...
y - Beastly Appendage     Tmut           ###...       2%          1    ##.....

Your spell library contained the following spells:

 Spells                   Type           Power        Failure   Level  Hunger
 Sticks to Snakes         Tmut           ###.....     3%          2    ###....
 Ice Form                 Ice/Tmut       #.......     58%         4    #####..
 Blade Hands              Tmut           ###.......   54%         5    ######.


Dungeon Overview and Level Annotations

Branches:
Dungeon (3/15)

Altars:
Dithmenos


Innate Abilities, Weirdness & Mutations

You revert to your normal form in water.
You are very nimble and swift while swimming.
You are very stealthy in the water. (Stealth+)
You have a pair of horns on your head.


Message History

* * * LOW HITPOINT WARNING * * *
You are more poisoned.
The adder poisons you!
You hit the adder but do no damage. Your headbutt misses the adder.
The adder barely misses you.
You hit the adder. You headbutt the adder.
The adder is heavily wounded.
You feel sick. The adder bites you but does no damage. The adder bites you.
* * * LOW HITPOINT WARNING * * *
You are more poisoned.
The adder poisons you!
You miss the adder. Your headbutt misses the adder.
The adder is heavily wounded.
* * * LOW HITPOINT WARNING * * *
You feel sick. The adder bites you but does no damage.
You closely miss the adder. You headbutt the adder.
The adder is severely wounded.
* * * LOW HITPOINT WARNING * * *
You feel sick. The adder bites you.
You die...

##[###.##.†..#
#......#.#######
#####.....)....#
#..#.#####...
#####.#.######
#..............
..###...#...#######
............#
#......@##...#
####..S.###.....
##...# #.####
#....# #.# ......#
.. ....#### # #....
#.###


You could see an adder.

Vanquished Creatures
  Crazy Yiuf (D:2)
  3 gnolls (D:3)
  An adder (D:2)
  3 worms (D:2)
  2 dart slugs
  2 leopard geckos (D:2)
  4 giant cockroaches
  4 goblins
  8 hobgoblins
  4 jackals (D:2)
  6 kobolds
  A quokka (D:2)
  A bat (D:2)
  5 frilled lizards
  3 rats
48 creatures vanquished.

Notes
Turn   | Place    | Note
-------+----------+-------------------------------------------
     0 | D:1      | FishyPogo the Merfolk Transmuter began the quest for the
                  | Orb.
     0 | D:1      | Reached XP level 1. HP: 15/15 MP: 3/3
    60 | D:1      | Reached skill level 3 in Transmutations
   398 | D:1      | Reached XP level 2. HP: 20/21 MP: 3/5
   502 | D:1      | Reached skill level 4 in Transmutations
   822 | D:2      | Found a runed translucent door.
   823 | D:2      | Noticed Crazy Yiuf
   913 | D:2      | Reached XP level 3. HP: 17/26 MP: 6/6
   918 | D:2      | Learned a level 3 spell: Spider Form
  1077 | D:2      | Reached skill level 1 in Polearms
  1091 | D:2      | Reached skill level 1 in Poison Magic
  1138 | D:2      | Found a shadowy altar of Dithmenos.
  1227 | D:2      | Reached skill level 5 in Transmutations
  1575 | D:2      | Reached XP level 4. HP: 32/32 MP: 3/7
  1806 | D:2      | Killed Crazy Yiuf
  2359 | D:2      | Found a shadowy altar of Dithmenos.
  2616 | D:3      | Reached XP level 5. HP: 26/37 MP: 5/8
  2637 | D:3      | Slain by an adder

Levels and vault maps discovered:
D:1:      dpeg_arrival_connections, layout_loops_ring
D:2:      layout_basic, grunt_dithmenos_smoke, uniq_crazy_yiuf_cottage
D:3:      layout_rooms, ebering_ghost_sewer_f, lemuel_angel_altar, uniq_ijyb

Skill      XL: |  1  2  3  4 |
---------------+-------------+-----
Transmutations | 3 4 5 |  5.6
Polearms       | 1 2 |  2.0
Poison Magic   | 1 2 |  2.2
Fighting       | |  1.1
Dodging        | |  2.6
Unarmed Combat | |  3.2
Spellcasting   | |  2.0

Action                   |  1- 3 |  4- 6 || total
-------------------------+-------+-------++-------
Melee: Unarmed           |    64 |    19 ||    83
       Headbutt          |    14 |     4 ||    18
       Mace              |    21 |       ||    21
       Spear             |    34 |    16 ||    50
       Punch             |     1 |     1 ||     2
Throw: Stone             |     2 |       ||     2
 Cast: Beastly Appendage |    16 |     1 ||    17
       Spider Form       |     5 |     2 ||     7
  Use: Scroll            |     2 |       ||     2
       Potion            |     2 |       ||     2
 Stab: Sleeping          |     1 |       ||     1
  Eat: Chunk             |     3 |     2 ||     5
Armor: Robe              |    21 |     6 ||    27
Dodge: Dodged            |    83 |    16 ||    99
